Map: Tokamak LE

Players

Pingagrande

  • Race: Terran Terran
  • League: Grandmaster
  • Spawn Location: 1:00

SpeCial - Winner!

  • Race: Terran Terran
  • League: Grandmaster
  • Spawn Location: 7:00

VOD

Have the link to the VOD?

Description

Time

  • Played on: Aug. 28, 2025, 9:21 p.m.
  • Length: 15:18
Show
View Real Time Build Order
Export as new Build Order

Pingagrande Terran 

Build Orders:  

Get SALT Encoding   

  12  0:00  SCV  
  13  0:12  SCV  
  14  0:17  Supply Depot  
  14  0:24  SCV  
  15  0:38  SCV  
  15  0:39  Barracks  
  16  0:43  Refinery  
  16  0:50  SCV  
  16  0:54  Refinery  
  17  1:02  SCV  
  18  1:15  SCV  
  19  1:27  Reaper  
  19  1:28  Supply Depot  
  19  1:29  Orbital Command  
  20  1:41  Factory  
  20  1:55  SCV  
  20  1:59  Barracks Reactor  
  21  2:07  SCV  
  22  2:19  SCV  
  23  2:27  Hellion  
  25  2:30  Command Center  
  25  2:31  SCV  
  25  2:36  Reaper x2  
  28  2:43  SCV  
  29  2:49  Hellion  
  30  2:55  SCV  
  30  2:56  Supply Depot  
  30  3:01  Starport  
  30  3:08  SCV  
  30  3:12  Factory Tech Lab  
  31  3:18  Marine  
  32  3:20  SCV  
  32  3:26  Supply Depot  
  33  3:27  Marine  
  33  3:32  SCV, Cyclone  
  37  3:44  SCV  
  38  3:55  Medivac, Marine x2  
  38  3:58  Orbital Command  
  38  4:00  SCV  
  37  4:05  Siege Tank  
  37  4:09  Refinery  
  40  4:12  SCV  
  40  4:15  Marine x2  
  43  4:20  Supply Depot  
  43  4:23  SCV  
  45  4:24  SCV  
  45  4:28  Starport Tech Lab  
  45  4:35  SCV  
  45  4:36  SCV  
  45  4:37  Siege Tank  
  50  4:40  Marine x2  
  52  4:47  SCV, Raven  
  52  4:48  SCV  
  56  4:53  Supply Depot  
  56  4:59  SCV  
  57  5:00  Marine x2  
  57  5:01  SCV  
  60  5:11  Siege Tank, SCV  
  64  5:16  SCV  
  65  5:26  SCV, Command Center  
  66  5:32  Viking x2  
  66  5:34  Marine  
  71  5:36  Stimpack  
  71  5:37  SCV  
  72  5:46  Siege Tank  
  75  5:52  SCV  
  75  5:54  Supply Depot  
  76  5:58  SCV  
  71  6:05  Viking x2  
  71  6:06  SCV  
  69  6:13  Marine  
  69  6:14  SCV  
  69  6:18  Barracks  
  71  6:19  Barracks  
  71  6:21  Siege Tank  
  71  6:22  SCV  
  75  6:29  SCV  
  75  6:30  Marine  
  75  6:34  SCV  
  75  6:37  Refinery, Engineering Bay  
  75  6:39  Engineering Bay  
  76  6:41  Viking  
  76  6:42  Viking  
  76  6:46  SCV  
  81  6:48  Marine  
  82  6:54  Barracks  
  82  7:03  Orbital Command  
  82  7:08  SCV  
  80  7:12  Viking x2, Marine  
  85  7:22  SCV  
  71  7:25  Siege Tank  
  71  7:26  SCV  
  71  7:28  Orbital Command  
  71  7:29  Marine  
  69  7:38  Combat Shield  
  69  7:39  Barracks Reactor x2  
  69  7:40  SCV  
  69  7:42  SCV  
  71  7:46  Barracks  
  71  7:47  Marine  
  71  7:51  Supply Depot x2  
  72  7:52  Barracks Reactor, SCV  
  72  7:53  SCV  
  72  7:54  SCV  
  75  8:00  Terran Infantry Weapons Level 1, Terran Infantry Armor Level 1  
  75  8:04  SCV  
  77  8:05  SCV  
  77  8:06  SCV  
  77  8:11  Refinery  
  77  8:12  Refinery, Marine  
  78  8:16  SCV  
  78  8:17  SCV  
  78  8:18  SCV, Viking x2  
  78  8:19  Marine x2  
  88  8:20  Marine  
  88  8:21  Marine  
  90  8:30  Marine  
  90  8:32  SCV  
  86  8:37  Marine x4  
  86  8:38  Marine x2  
  86  8:40  Siege Tank, Marine  
  86  8:41  Orbital Command  
  72  8:48  Marine  
  70  8:54  Marine x2  
  70  8:55  Marine x4  
  72  8:58  Marine  
  72  9:01  Orbital Command  
  72  9:02  Medivac x2  
  77  9:06  Marine  
  78  9:12  Siege Tank, Marine x2  
  78  9:13  Marine x3  
  86  9:19  Marine  
  85  9:24  Marine x2  
  85  9:27  SCV  
  85  9:30  Marine x2  
  85  9:31  Marine x3  
  68  9:38  Marine  
  68  9:42  Marine x2  
  68  9:44  Siege Tank  
  70  9:48  Marine x3  
  70  9:49  Marine  
  70  9:50  Marine  
  69  9:56  SCV, Marine  
  69  9:57  Orbital Command  
  64  10:00  Marine  
  64  10:04  Medivac  
  64  10:05  Medivac  
  69  10:11  Barracks Reactor  
  69  10:13  Marine  
  69  10:14  Marine  
  71  10:15  Marine  
  71  10:17  SCV  
  73  10:23  Siege Tank  
  73  10:26  Marine x2  
  73  10:28  SCV  
  79  10:29  Marine  
  79  10:31  Marine  
  81  10:43  Medivac x2  
  81  10:44  Marine x2  
  81  10:45  Marine  
  81  10:46  Marine x2  
  89  10:52  SCV  
  89  10:53  SCV  
  89  10:56  Armory  
  91  10:57  Siege Tank  
  91  10:59  Marine x2  
  91  11:01  Marine  
  91  11:02  Marine x2  
  91  11:03  Marine  
  100  11:07  Marine x2  
  100  11:09  Marine  
  103  11:16  Marine  
  103  11:17  Marine  
  94  11:19  Marine x2  
  94  11:20  Marine  
  94  11:21  Marine  
  94  11:25  Marine  
  89  11:27  Marine  
  89  11:32  Marine  
  90  11:34  Siege Tank, Marine  
  90  11:35  Medivac x2  
  90  11:38  Marine x4  
  90  11:39  Marine  
  104  11:55  Marine  
  104  11:56  Marine x2  
  104  11:58  SCV  
  104  11:59  Terran Infantry Weapons Level 2  
  108  12:03  Command Center  
  108  12:04  Marine  
  108  12:05  Marine  
  108  12:07  Marine x2  
  112  12:09  Siege Tank  
  115  12:17  Marine x3  
  118  12:26  Marine x2  
  118  12:29  Marine x2  
  120  12:36  SCV  
  121  12:37  Refinery  
  121  12:38  Refinery, Marine x3  
  121  12:39  Marine  
  121  12:40  Sensor Tower  
  125  12:50  Marine x3  
  128  12:53  Medivac x2  
  128  12:58  Marine x2  
  130  13:04  Marine x3  
  126  13:09  SCV x2, Marine  
  125  13:15  Marine  
  125  13:16  Marine  
  125  13:17  Siege Tank, Marine  
  125  13:18  Marine x2  
  131  13:20  SCV  
  131  13:22  Marine  
  133  13:27  Marine x3  
  133  13:32  Medivac  
  134  13:35  Marine x2  
  133  13:44  Viking  
  133  13:47  Marine x3  
  136  13:51  SCV x2  
  136  13:53  SCV  
  134  13:57  Siege Tank  
  134  13:58  Marine  
  138  14:08  Marine  
  138  14:09  Marine x4  
  132  14:10  Marine x2  
  118  14:17  Marine x2  
  118  14:20  Medivac x2  
  122  14:26  Marine  
  122  14:27  Marine x4  
  122  14:28  Marine x2  
  129  14:35  Marine x2  
  129  14:36  Siege Tank  
  134  14:44  Marine x2  
  134  14:45  Marine x4  
  135  14:46  Marine  
  138  14:53  Marine  
  138  14:54  Marine  
Show
View Real Time Build Order
Export as new Build Order

SpeCial Terran - Winner!

Build Orders:  

Get SALT Encoding   

  12  0:00  SCV  
  13  0:12  SCV  
  14  0:17  Supply Depot  
  14  0:24  SCV  
  15  0:38  SCV  
  15  0:40  Barracks  
  16  0:43  Refinery  
  16  0:50  SCV  
  16  0:53  Refinery  
  17  1:02  SCV  
  18  1:14  SCV  
  19  1:27  Reaper  
  19  1:28  Orbital Command  
  19  1:30  Supply Depot  
  20  1:42  Factory  
  20  1:55  SCV  
  20  2:00  Reaper  
  22  2:07  SCV  
  23  2:19  SCV  
  23  2:20  Command Center  
  24  2:27  Hellion  
  25  2:31  SCV  
  25  2:33  Barracks Reactor  
  26  2:42  Starport  
  26  2:45  SCV  
  27  2:53  Factory Tech Lab  
  27  2:54  Supply Depot  
  27  2:57  SCV  
  27  3:09  SCV  
  27  3:10  Marine x2  
  30  3:16  Cyclone  
  30  3:19  Starport Tech Lab  
  33  3:24  Refinery  
  33  3:27  SCV  
  33  3:28  Marine x2  
  36  3:39  Raven  
  35  3:45  SCV  
  35  3:46  Marine x2  
  32  4:01  Siege Tank  
  35  4:02  SCV  
  35  4:03  Orbital Command, Marine  
  35  4:04  Marine  
  37  4:15  SCV  
  38  4:21  Raven, Marine x2  
  42  4:27  SCV  
  43  4:32  Supply Depot, SCV  
  43  4:36  Interference Matrix  
  44  4:39  Marine x2  
  44  4:43  Siege Tank  
  44  4:45  SCV  
  50  4:47  SCV  
  50  5:00  Marine x2  
  50  5:02  SCV x2  
  50  5:03  Raven  
  56  5:10  Supply Depot  
  56  5:14  SCV x2  
  57  5:17  Siege Tank  
  57  5:18  Marine  
  62  5:31  SCV x2  
  62  5:33  Supply Depot  
  64  5:44  SCV x2  
  64  5:49  Siege Tank  
  69  5:54  Viking x2  
  69  5:56  Supply Depot, SCV  
  71  5:59  Marine  
  63  6:05  SCV  
  63  6:08  SCV  
  62  6:17  SCV, Marine  
  64  6:20  SCV  
  64  6:23  Siege Tank  
  64  6:24  Supply Depot  
  64  6:25  Supply Depot  
  68  6:29  SCV, Viking x2  
  73  6:33  SCV  
  73  6:35  Marine  
  71  6:50  Command Center  
  71  6:52  Marine  
  72  6:56  Siege Tank  
  73  7:03  Viking  
  75  7:09  Viking  
  75  7:10  Marine  
  75  7:12  SCV x2  
  71  7:28  Siege Tank, Marine  
  70  7:31  SCV x2  
  70  7:33  Barracks  
  70  7:34  Barracks  
  70  7:39  Viking x2  
  70  7:43  SCV x2  
  76  7:46  Marine  
  77  7:55  SCV x2  
  79  8:01  Refinery  
  79  8:04  Siege Tank, Marine  
  83  8:07  SCV  
  83  8:08  SCV, Orbital Command  
  85  8:15  Stimpack  
  85  8:19  SCV  
  85  8:20  SCV  
  85  8:21  Marine  
  87  8:32  SCV x2  
  89  8:36  Siege Tank  
  89  8:39  Orbital Command, Marine  
  89  8:41  Barracks Reactor  
  91  8:42  Barracks Reactor  
  91  8:44  SCV x2  
  91  8:48  Viking  
  94  8:54  Engineering Bay  
  94  8:55  Engineering Bay  
  94  8:56  SCV x2  
  94  8:59  Marine  
  97  9:08  SCV x2  
  98  9:10  SCV  
  98  9:17  Marine  
  98  9:20  SCV x2  
  98  9:21  Refinery  
  98  9:22  Refinery, SCV, Marine  
  98  9:23  Marine x3  
  109  9:24  Siege Tank  
  109  9:32  SCV  
  109  9:35  Marine  
  103  9:39  SCV  
  103  9:40  Marine x3  
  103  9:41  Marine  
  108  9:49  Supply Depot, Terran Infantry Weapons Level 1, Terran Infantry Armor Level 1, Sensor Tower  
  108  9:51  Barracks  
  108  9:52  Barracks  
  99  9:53  Marine  
  99  9:54  Combat Shield  
  99  9:56  Siege Tank  
  99  9:58  Marine x4  
  95  10:06  Medivac  
  97  10:07  Medivac  
  97  10:10  Marine  
  100  10:16  Supply Depot, Marine x4, Missile Turret  
  100  10:17  SCV x3  
  107  10:28  Marine  
  107  10:29  Armory  
  107  10:31  Supply Depot  
  107  10:32  Supply Depot  
  107  10:33  Supply Depot, Siege Tank  
  107  10:34  Marine x3  
  114  10:36  Medivac  
  114  10:37  Medivac, Marine  
  114  10:39  Barracks Reactor  
  114  10:40  Barracks Reactor  
  114  10:46  Marine  
  115  10:50  Supply Depot  
  115  10:51  Marine  
  115  10:52  Marine x2  
  115  10:55  Marine  
  119  11:04  Supply Depot, Marine  
  119  11:06  Siege Tank  
  119  11:09  Marine x3  
  126  11:13  Marine  
  126  11:16  Marine x2  
  126  11:17  Medivac x2  
  126  11:18  Marine x2  
  119  11:22  Marine  
  112  11:27  Marine x3  
  112  11:30  Marine  
  116  11:34  Marine x2  
  116  11:35  Marine  
  116  11:36  Marine  
  116  11:38  Siege Tank  
  123  11:40  Marine  
  123  11:45  Marine x3  
  127  11:47  Viking x2  
  127  11:48  Marine  
  127  11:52  Marine x2  
  127  11:53  Marine  
  135  11:54  Marine  
  136  12:03  Marine x3  
  136  12:05  Terran Infantry Weapons Level 2, Terran Infantry Armor Level 2  
  136  12:06  Terran Vehicle Weapons Level 1, Marine  
  140  12:09  Marine  
  140  12:10  Siege Tank, Marine  
  140  12:11  Marine  
  140  12:12  Marine  
  146  12:17  Factory  
  146  12:21  Liberator, Marine x2  
  151  12:26  Liberator, Barracks Reactor  
  154  12:32  Marine  
  152  12:37  Marine  
  152  12:39  Marine  
  152  12:40  Marine x2  
  152  12:41  Marine  
  152  12:43  Siege Tank  
  160  12:50  Marine  
  151  13:03  Marine  
  151  13:05  Marine x2  
  148  13:09  Sensor Tower  
  148  13:11  Viking x2  
  153  13:15  Siege Tank  
  153  13:17  Marine x3  
  159  13:21  Marine x2  
  159  13:22  Marine  
  162  13:29  Supply Depot x3  
  159  13:48  Marine  
  157  13:50  Marine x9  
  157  13:53  Liberator x2  
  170  14:05  Siege Tank  
  170  14:06  Marine  
  170  14:07  Marine  
  170  14:08  Marine x2  
  170  14:09  Siege Tank  
  174  14:14  Marine  
  169  14:27  Marine  
  169  14:28  Marine x3  
  169  14:29  Marine  
  169  14:30  Command Center  
  169  14:31  Marine  
  174  14:33  Marine  
  174  14:37  Siege Tank  
  179  14:41  Marine x2  
  181  14:52  Supply Depot x2  
Tags
 
Add a new tag
Caveats
  • Supply blocks, unpowered buildings, or Contaminate may cause inaccurate times.
  • Supply counts are checked every 10 seconds.